 Dungeon Crawl Stone Soup version 0.31-a0-931-g7b59d4eb97 (webtiles) character file.

Game seed: 10183012879037097619

10642 p00ps00p the Cleaver (level 11, -2/102 HPs)
             Began as a Hill Orc Fighter on Oct 20, 2023.
             Was an Initiate of Gozag.
             Constricted to death by Jorgrun (16 damage)
             ... on level 1 of the Orcish Mines.
             The game lasted 00:22:58 (13169 turns).

p00ps00p the Cleaver (Hill Orc Fighter)            Turns: 13169, Time: 00:23:00

Health: -2/102     AC: 21    Str: 33    XL:     11   Next: 65%
Magic:  11/11      EV:  6    Int:  8    God:    Gozag
Gold:   898        SH: 17    Dex: 16    Spells: 10/10 levels left

rFire   . . .        a - +1 war axe (protect)
rCold   . . .        b - +0 kite shield
rNeg    . . .        r - +0 chain mail
rPois   .            (no helmet)
rElec   .            A - +0 cloak
rCorr   .            (no gloves)
SInv    .            D - +0 pair of boots
Will    .....        m - amulet of reflection Stlth
                     j - +6 ring of strength
HPRegen 0.37/turn    l - ring "Ryuwin" {Str+3 Dex+6}
MPRegen 0.12/turn

%: reflection
@: grasped by roots, under a protective aura, constricted
A: no striking features
a: Renounce Religion, Potion Petition, Call Merchant, Bribe Branch


You were on level 1 of the Orcish Mines.
You worshipped Gozag.
Gozag was pleased with you.
You visited 3 branches of the dungeon, and saw 14 of its levels.

You collected 2260 gold pieces.
You spent 450 gold pieces at shops.
You paid 912 gold pieces to Gozag.

Inventory:

Hand Weapons
 a - a +1 war axe of protection (weapon)
 B - a +1 hand axe of electrocution
 H - a +2 dagger of flaming
 I - a +3 antimagic battleaxe
 L - a +0 hand axe of flaming
Missiles
 w - 4 throwing nets
 y - 3 curare-tipped darts
 z - 27 poisoned darts (quivered)
 K - 10 darts of dispersal
Armour
 b - a +0 kite shield (worn)
 d - a +0 leather armour of poison resistance
 r - a +0 chain mail (worn)
 A - a +0 cloak (worn)
 D - a +0 pair of boots (worn)
Jewellery
 j - a +6 ring of strength (left hand)
 l - the ring "Ryuwin" (right hand) {Str+3 Dex+6}
   (You acquired it on level 3 of the Dungeon)

   [ring of dexterity]

   Str+3:     It affects your strength (+3).
   Dex+6:     It affects your dexterity (+6).
 m - an amulet of reflection (around neck)
 x - a ring of wizardry
Wands
 o - a wand of polymorph (8)
 E - a wand of digging (3)
 G - a wand of flame (11)
 J - a wand of paralysis (10)
Scrolls
 e - 3 scrolls of immolation
 s - a scroll of vulnerability
 u - a scroll of torment
 C - 2 scrolls of amnesia
 M - 3 scrolls of identify
Potions
 g - 2 potions of attraction
 h - a potion of magic
 i - 3 potions of degeneration
 k - a potion of cancellation
 p - a potion of enlightenment
 q - 2 potions of lignification
 v - a potion of brilliance


   Skills:
 + Level 11.4 Fighting
 + Level 12.1 Axes
 + Level 10.5 Armour
 + Level 10.5 Shields


You had 10 spell levels left.
You didn't know any spells.
Your spell library contained the following spells:

 Spells                   Type           Power      Damage    Failure   Level
 Kiss of Death            Conj/Necr      0%         2d5       88%         1
 Blink                    Tloc           0%         N/A       96%         2
 Lesser Beckoning         Tloc           0%         N/A       96%         2
 Momentum Strike          Conj/Tloc      0%         3d8       96%         2
 Confusing Touch          Hex            0%         N/A       99%         3
 Dazzling Flash           Conj/Hex       0%         N/A       99%         3
 Gell's Gravitas          Tloc           0%         N/A       99%         3
 Teleport Other           Tloc           0%         N/A       99%         3
 Volatile Blastmotes      Fire/Tloc      0%         2d10      99%         3
 Dispel Undead            Necr           0%         3d6       100%        4
 Fulminant Prism          Conj/Hex       0%         3d5       100%        4
 Iskenderun's Mystic Bla  Conj/Tloc      0%         2d3       100%        4
 Summon Ice Beast         Ice/Summ       0%         N/A       100%        4
 Summon Mana Viper        Hex/Summ       0%         N/A       100%        5
 Dispersal                Tloc           0%         N/A       100%        6
 Starburst                Conj/Fire      0%         6d3       100%        6
 Monstrous Menagerie      Summ           0%         N/A       100%        7
 Maxwell's Capacitive Co  Air            0%         ∞         100%        8


Dungeon Overview and Level Annotations

Branches:
Dungeon (11/15)            Temple (1/1) D:7             Orc (2/2) D:10
   Lair: D:8-11         Elf: Orc:2

Altars:
Ashenzari
Cheibriados
Dithmenos
Elyvilon
Fedhas
Gozag
Hepliaklqana
Kikubaaqudgha
Makhleb
Nemelex Xobeh
Okawaru
Qazlal
Ru
Sif Muna
Trog
Uskayaw
Vehumet
Wu Jian
Xom
Yredelemnul
Zin
The Shining One
Beogh

Shops:
D:9 =

Annotations:
D:7 2 transporters, kd29's ghost, novice TrSh
D:9 exclusion: obsidian statue
D:11 exclusion: obsidian statue
Orc:1 Jorgrun


Message History

The grasping roots constrict you!
Jorgrun hits you with a +0 heavy quarterstaff!!
The grasping roots constrict you!
You turn to flesh and can move again.
You escape the roots grasp.
Jorgrun says, "'tis place shall be yer tomb!"
You block Jorgrun's attack.
You climb upwards.
There is a stone staircase leading down here.
You hit Jorgrun.
Your weapon exudes an aura of protection.
Jorgrun is lightly wounded.
You hit Jorgrun.
Jorgrun is lightly wounded.
Jorgrun points at you and mumbles some strange words.
Roots burst forth from the earth!
The grasping roots grab you! The grasping roots constrict you!
Unknown command.
You slash Jorgrun!
Jorgrun is lightly wounded.
You block Jorgrun's attack. The grasping roots constrict you!
* * * LOW HITPOINT WARNING * * *
Unknown command.
You closely miss Jorgrun.
Jorgrun is lightly wounded.
You block Jorgrun's attack. The grasping roots constrict you!
* * * LOW HITPOINT WARNING * * *
You feel better.
Unknown command.
Aiming: Paralyse
Press: ? - help, Q - select action, (/) - cycle Shift-Dir - straight line, f - Jorgrun
Aim: Jorgrun, wielding a +0 heavy quarterstaff and wearing a +0 robe (lightly wounded, chance to affect: 0%) Jorgrun resists with almost no effort.
Jorgrun says, "A few more walls knocked out 'ere an' thar an' 'tis whole place will come crashin' down."
Jorgrun hits you with a +0 heavy quarterstaff!
* * * LOW HITPOINT WARNING * * *
The grasping roots constrict you!
You die...
Your body crumbles into a pile of gold.

##.#.#....#.#...###.##
#................#...##
##.#........#.....#...##
##.......#.#...^......#
##....#...............##
#....).............####
##.....<.....#.....##
#.....##[.g......###
##.....#...@......#
###....#..........#
##.....#........#.##
##.....#.........###
#.................#
##.......###..##.###
##.##.#.##...####.### ###
#####......####....#####.##
#.....####.......##...##


You could see Jorgrun.

Vanquished Creatures
  A two-headed ogre (D:10)
  An orc knight (Orc:1)
  Joseph (D:9)
  An unseen horror (D:9)
  A troll (D:10)
  A slime creature (D:10)
  A wraith (D:10)
  13 yaks
  2 wyverns (D:11)
  A steam dragon (D:10)
  A warg (Orc:1)
  An acid dragon (D:9)
  3 water moccasins
  10 orc warriors
  6 ice beasts
  4 ogres
  A black bear (D:4)
  A sky beast (D:8)
  11 centaurs
  2 phantoms
  Blork the orc (D:5)
  5 kobold brigands
  A gnoll sergeant (D:8)
  3 bullfrogs
  A killer bee (D:10)
  6 howler monkeys
  A jelly (D:7)
  2 gnoll boudas
  15 orc priests
  5 hounds
  Natasha (thrice) (D:2)
  5 iguanas
  20 orc wizards
  16 gnolls
  7 adders
  A white imp (D:7)
  3 worms (D:3)
  A dart slug (D:1)
  63 orcs
  3 bats
  7 endoplasms
  A giant cockroach (D:4)
  8 goblins
  11 hobgoblins
  3 jackals (D:2)
  5 quokkas
  5 ball pythons
  3 frilled lizards
  26 kobolds
  7 rats
301 creatures vanquished.

Vanquished Creatures (others)
  An orc (D:10)
1 creature vanquished.

Grand Total: 302 creatures vanquished

Notes
Turn   | Place    | Note
-------+----------+-------------------------------------------
     0 | D:1      | p00ps00p the Hill Orc Fighter began the quest for the Orb.
     0 | D:1      | Reached XP level 1. HP: 19/19 MP: 1/1
   254 | D:1      | Reached skill level 3 in Axes
   254 | D:1      | Reached XP level 2. HP: 23/27 MP: 2/2
   840 | D:2      | Reached XP level 3. HP: 27/33 MP: 3/3
  1214 | D:2      | Noticed Natasha
  1223 | D:2      | Killed Natasha
  1224 | D:2      | Reached XP level 4. HP: 18/40 MP: 4/4
  1243 | D:2      | Noticed Natasha
  1248 | D:2      | Killed Natasha
  1463 | D:2      | Noticed Natasha
  1473 | D:2      | Killed Natasha
  1474 | D:2      | Reached skill level 4 in Axes
  1593 | D:2      | Reached XP level 5. HP: 47/47 MP: 5/5
  2279 | D:3      | Identified a scroll of acquirement
  2279 | D:3      | Acquired the ring "Ryuwin" {Str+3 Dex+6}
  2488 | D:3      | Found a faded altar of an unknown god.
  2725 | D:4      | Reached skill level 5 in Fighting
  2725 | D:4      | Reached XP level 6. HP: 36/56 MP: 6/6
  2921 | D:4      | Reached skill level 5 in Axes
  2940 | D:4      | Reached skill level 5 in Armour
  2940 | D:4      | Reached skill level 5 in Shields
  2969 | D:4      | Reached XP level 7. HP: 49/61 MP: 7/7
  3835 | D:5      | Entered Level 5 of the Dungeon
  3844 | D:5      | Reached skill level 6 in Axes
  4062 | D:5      | Reached XP level 8. HP: 71/71 MP: 8/8
  4116 | D:5      | Noticed Blork the orc
  4120 | D:5      | Killed Blork the orc
  4258 | D:5      | You fall into a shaft and drop 1 floor!
  4566 | D:6      | Reached skill level 7 in Axes
  5040 | D:6      | Found a shimmering altar of Xom.
  5076 | D:6      | Reached XP level 9. HP: 67/79 MP: 9/9
  5189 | D:6      | Reached skill level 8 in Axes
  6406 | D:7      | Found a transporter.
  6414 | D:7      | Found a bloodstained altar of Trog.
  6423 | D:7      | Noticed a moth of wrath
  6424 | D:7      | Noticed kd29's ghost (novice TrSh)
  6436 | D:7      | Found a transporter.
  6634 | D:7      | Noticed an angel
  6641 | D:7      | Found a staircase to the Ecumenical Temple.
  6680 | Temple   | Entered the Ecumenical Temple
  6702 | Temple   | Became a worshipper of Gozag Ym Sagoz the Greedy
  7186 | D:7      | Reached skill level 9 in Axes
  7340 | D:7      | Noticed a rust devil
  7706 | D:8      | Reached XP level 10. HP: 80/91 MP: 10/10
  8306 | D:9      | Identified the of Wecyfasi
  8316 | D:9      | Noticed an obsidian statue
  8318 | D:9      | Noticed a rust devil
  8638 | D:9      | Paralysed by a centaur for 2 turns
  8743 | D:9      | Reached skill level 10 in Axes
  8884 | D:9      | Noticed Joseph
  8902 | D:9      | Killed Joseph
  9499 | D:10     | Entered Level 10 of the Dungeon
  9854 | D:10     | Reached skill level 10 in Fighting
 10466 | D:10     | Noticed a two-headed ogre
 10473 | D:10     | Killed a two-headed ogre
 10474 | D:10     | Reached skill level 11 in Axes
 10474 | D:10     | Reached XP level 11. HP: 83/101 MP: 11/11
 10534 | D:10     | Found a roughly hewn altar of Beogh.
 10534 | D:10     | Found a staircase to the Orcish Mines.
 10637 | D:10     | Reached skill level 10 in Shields
 10775 | D:9      | Reached skill level 10 in Armour
 10800 | D:9      | Bought an amulet of reflection for 450 gold pieces
 11526 | D:10     | Identified the +0 ring mail of the Sheltering Gods
                  | {*Corrode rC++ Int+2 SInv}
 12308 | D:11     | Noticed an obsidian statue
 12309 | D:11     | Noticed a manticore
 12394 | Orc:1    | Entered Level 1 of the Orcish Mines
 12443 | Orc:1    | Noticed an orc knight
 12475 | Orc:1    | Killed an orc knight
 12476 | Orc:1    | Reached skill level 12 in Axes
 13147 | Orc:2    | Entered Level 2 of the Orcish Mines
 13147 | Orc:2    | Noticed Jorgrun
 13169 | Orc:1    | Constricted to death by Jorgrun

Illustrated notes

Levels and vault maps discovered:
D:1:      wander_arrival_peaceful_grave, layout_basic
D:2:      layout_basic, uniq_natasha
D:3:      cheibrodos_greedy_goblins, layout_loops_ring,
          hellmonk_ecumenical_altar_leap_of_faith
D:4:      layout_loops_ring, cheibrodos_gnoll_hut
D:5:      layout_basic, lemuel_flame_loot_1, uniq_blork_the_orc
D:6:      dreamdust_elfheim, layout_loops_corners, brannock_xom_greatest_gift,
          serial_demonic, serial_demonic_e, serial_demonic_b, serial_demonic_g,
          serial_demonic_d, kennysheep_generic_room_15
D:7:      layout_gridville, temple_garden, gammafunk_ghost_wrathful_warriors
D:8:      layout_gridville, minmay_microvault
D:9:      layout_basic, minmay_protected_statue, uniq_joseph
D:10:     minmay_ornate_pinched, layout_small_grid, david_orc_5
D:11:     layout_stronghold, erik_lair_dragon, solitary_fountain, minivault_16,
          uniq_urug, uniq_erolcha, uniq_psyche
Temple:   mainiacjoe_temple_circle_huts
Orc:1:    layout_caves, basic_altar
Orc:2:    st_orc_pillars, layout_caves, serial_shops, shop,
          portal_ice_cave_rime, uniq_jorgrun, uniq_saint_roka, uniq_nessos

Skill      XL: |  1  2  3  4  5  6  7  8  9 10 11 |
---------------+----------------------------------+-----
Axes           | 3 4 5 6 7 9 11 12 | 12.1
Fighting       | 4 5 6 7 9 10 11 | 11.4
Armour         | 4 5 7 8 9 10 | 10.5
Shields        | 4 5 7 8 9 10 | 10.5

Action                     |  1- 3 |  4- 6 |  7- 9 | 10-12 || total
---------------------------+-------+-------+-------+-------++-------
  Melee: War axe           |    94 |   120 |   314 |   369 ||   897
  Throw: Dart              |       |       |     5 |       ||     5
 Invoke: Call Merchant     |       |       |       |     1 ||     1
  Evoke: Wand              |       |       |       |    12 ||    12
    Use: Scroll            |     4 |     5 |    13 |     7 ||    29
         Potion            |       |       |       |    12 ||    12
   Stab: Invisible         |       |       |       |     7 ||     7
         Distracted        |       |       |       |     2 ||     2
 Armour: Scale mail        |    69 |    62 |       |       ||   131
         Chain mail        |       |    42 |   238 |   337 ||   617
  Dodge: Dodged            |    62 |    45 |   111 |    98 ||   316
  Block: Buckler           |    24 |    26 |    24 |       ||    74
         Kite shield       |       |       |   121 |   246 ||   367
         Reflection        |       |       |       |     1 ||     1

Table legend: (Time is in decaauts)
 A = Elapsed time spent in this place.
 B = Non-inter-level travel time spent in this place.
 C = Inter-level travel time spent in this place.
 D = Time resting spent in this place.
 E = Time spent auto-exploring this place.
 F = Levels seen in this place.
 G = Mean time per level.
                   A        B        C        D        E       F      G
               +--------+--------+--------+--------+--------+-----+--------+
         Total |  13334 |  12220 |   1114 |   1510 |   8281 |  14 |  952.4 |
       Dungeon |  12886 |  11827 |   1059 |   1510 |   8000 |  11 | 1171.5 |
        Temple |     44 |      1 |     43 |      0 |      0 |   1 |   44.0 |
  Orcish Mines |    403 |    392 |     11 |      0 |    281 |   2 |  201.5 |
               +--------+--------+--------+--------+--------+-----+--------+

Top non-repeatable levels by time:
    D:10: 2084 daAuts
     D:9: 1852 daAuts
     D:6: 1677 daAuts
     D:5: 1296 daAuts
     D:4: 1210 daAuts
     D:2: 1084 daAuts
     D:3: 992 daAuts
     D:7: 907 daAuts
     D:1: 765 daAuts
     D:8: 762 daAuts
   Orc:1: 386 daAuts
    D:11: 252 daAuts
  Temple: 44 daAuts
   Orc:2: 16 daAuts
